 Dungeon Crawl Stone Soup version 0.31.0-9-g3a7656b989 (webtiles) character file.

Game seed: 5000178898572744838

333 qw the Shooter (level 6, -2/30 HPs)
             Began as a Spriggan Hunter on Feb 2, 2024.
             Slain by a gnoll
             ... wielding a +0 spear
             ... led by a gnoll bouda
              (4 damage)
             ... on level 4 of the Dungeon.
             The game lasted 00:00:11 (2927 turns).

qw the Shooter (Spriggan Hunter)                    Turns: 2927, Time: 00:00:12

Health: -2/30      AC:  2    Str:  7    XL:     6   Next: 27%
Magic:  7/7        EV: 20    Int: 11    God:
Gold:   221        SH:  0    Dex: 20    Spells: 5/5 levels left

rFire   + . .        a - +0 shortbow
rCold   + . .        (shield currently unavailable)
rNeg    . . .        c - +0 robe
rPois   .            (helmet restricted)
rElec   .            d - scarf {rC+ rF+}
rCorr   .            (gloves unavailable)
SInv    +            (boots unavailable)
Will    +....        (no amulet)
Stlth   ++           (no ring)
HPRegen 0.25/turn    (no ring)
MPRegen 0.10/turn

%: no passive effects
@: very quick
A: very small, no large weapons, unfitting armour, see invisible, speed 3
a: no special abilities


You were on level 4 of the Dungeon.
You visited 1 branch of the dungeon, and saw 4 of its levels.

You collected 221 gold pieces.


Innate Abilities, Weirdness & Mutations

You are very small and have problems with some larger weapons.
You are too small for most types of armour.
You have supernaturally acute eyesight. (SInv)
You cover ground extremely quickly. (Speed+++)


   Skills:
 - Level 2.0 Fighting
 - Level 6.5 Ranged Weapons
 + Level 5.3 Dodging
 - Level 1.5 Stealth


You had 5 spell levels left.
You didn't know any spells.
Your spell library was empty.

Inventory:

Hand Weapons
 a - a +0 shortbow (weapon)
Armour
 c - a +0 robe (worn)
 d - a scarf of resistance (worn)
Wands
 f - a wand of charming (7)
 g - a wand of digging (6)
Scrolls
 b - 3 scrolls of enchant armour
 e - a scroll of fog {unknown}
Potions
 i - a potion of curing
 k - a potion of might {unknown}

Dungeon Overview and Level Annotations

Branches:
Dungeon (4/15)
 Temple: D:4-7

Altars:
Dithmenos
Gozag

Annotations:
D:2 1 runed translucent door, Crazy Yiuf


Message History

The arrow hits the gnoll but does no damage.
The gnoll shouts!
You hear a shout!
A gnoll comes into view. It is wielding a +0 whip.
A gnoll comes into view. It is wielding a +0 halberd.
A gnoll comes into view. It is wielding a +0 club.
You shoot an arrow. The gnoll shouts! x2
The arrow hits the gnoll.
The gnoll is lightly wounded.
A gnoll comes into view. It is wielding a +0 club.
Enter note:
Enter note:
Enter note:
Enter note:
2917 ||| RETREEEEATING.
2919 ||| RETREEEEATING.
You shoot an arrow. The arrow completely misses the gnoll.
You shoot an arrow. The arrow completely misses the gnoll.
The gnoll hits you from afar with a +0 halberd.
You shoot an arrow. The arrow hits the gnoll.
The gnoll is lightly wounded.
The gnoll barely misses you.
You shoot an arrow. The arrow hits the gnoll.
The gnoll is heavily wounded.
The gnoll hits you from afar with a +0 halberd!
You shoot an arrow. The arrow closely misses the gnoll.
The arrow hits the gnoll.
The gnoll is moderately wounded.
The gnoll misses you.
The gnoll hits you from afar with a +0 spear.
You shoot an arrow. The arrow hits the gnoll!
You kill the gnoll!
The gnoll closely misses you.
You shoot an arrow. The arrow barely misses the gnoll.
The gnoll hits you from afar with a +0 spear.
You shoot an arrow. The arrow barely misses the gnoll.
The gnoll hits you with a +0 whip.
The gnoll hits you from afar with a +0 spear.
You die...

..>. ... .#####
..# ...... g.
...... .. #.###
......
g.g.#.$.##
.#####
?.gg..)g.##.#
#gg...###.
#######@###.....
........###...#.
#######....(....
.
#######..##....
#
.........##.##..
###............
#.##.....###.
#........# #..#
#.##.#......
.....


You could see 4 gnolls.

Vanquished Creatures
  Sigmund (D:4)
  5 gnolls
  3 adders
  2 dart slugs
  3 ribbon worms (D:2)
  3 orcs (D:3)
  6 ball pythons
  4 bats
  6 endoplasms
  3 giant cockroaches
  10 goblins
  5 hobgoblins
  4 jackals
  4 kobolds
  2 quokkas
  7 frilled lizards
  4 rats
72 creatures vanquished.

Notes
Turn   | Place    | Note
-------+----------+-------------------------------------------
     0 | D:1      | qw the Spriggan Hunter began the quest for the Orb.
     0 | D:1      | Reached XP level 1. HP: 10/10 MP: 2/2
     0 | D:1      | 0 ||| qw: Version: 0.3-a-155-g5e7d8dd
     0 | D:1      | 0 ||| qw: Game counter: 2366
     0 | D:1      | 0 ||| qw: Melee chars always use a shield: true
     0 | D:1      | 0 ||| qw: God list: Okawaru
     0 | D:1      | 0 ||| qw: Allow faded altars: false
     0 | D:1      | 0 ||| qw: Do Orc after clearing Dungeon:15 true
     0 | D:1      | 0 ||| qw: Do second Lair branch before Depths: true
     0 | D:1      | 0 ||| qw: Lair rune preference: random
     0 | D:1      | 0 ||| qw: Goals: Normal
     0 | D:1      | 0 ||| PLANNING D:1-11
   162 | D:1      | Reached skill level 3 in Dodging
   285 | D:1      | Reached XP level 2. HP: 14/14 MP: 3/3
   767 | D:1      | Reached XP level 3. HP: 18/18 MP: 4/4
   886 | D:1      | 886 ||| READING scroll labelled AGRARCH DOXOIRA.
   887 | D:1      | 887 ||| READING 2 scrolls labelled YLISEWN XUEB.
   988 | D:1      | 988 ||| DROPPING scroll of butterflies.
   989 | D:1      | 989 ||| DROPPING scroll of vulnerability.
  1096 | D:2      | Found a runed translucent door.
  1097 | D:2      | Noticed Crazy Yiuf
  1145 | D:2      | Found a shadowy altar of Dithmenos.
  1260 | D:2      | Reached skill level 5 in Ranged Weapons
  1266 | D:2      | Reached XP level 4. HP: 15/22 MP: 5/5
  1319 | D:2      | 1319 ||| FLEEEEING.
  1762 | D:2      | 1762 ||| UPGRADING to scarf of resistance.
  1767 | D:2      | 1767 ||| READING 2 scrolls labelled GUARIUHICS.
  1767 | D:2      | 1767 ||| IDENTIFYING orange potion
  1768 | D:2      | 1768 ||| READING scroll of identify.
  1768 | D:2      | 1768 ||| IDENTIFYING white potion
  1769 | D:2      | 1769 ||| READING scroll labelled RUSAHEDGHIY.
  1809 | D:2      | 1809 ||| DROPPING potion of attraction.
  1810 | D:2      | 1810 ||| DROPPING potion of invisibility.
  1942 | D:3      | Found an opulent altar of Gozag.
  2564 | D:3      | 2564 ||| DROPPING +6 ring of intelligence.
  2565 | D:3      | 2565 ||| READING scroll of identify.
  2565 | D:3      | 2565 ||| IDENTIFYING sedimented blue potion
  2566 | D:3      | 2566 ||| READING 4 scrolls labelled HOZ LOFRAELUTH.
  2566 | D:3      | 2566 ||| ENCHANTING +0 shortbow.
  2567 | D:3      | 2567 ||| READING scroll labelled KIOCIZXEMAR.
  2568 | D:3      | 2568 ||| DRINKING 2 coppery potions.
  2569 | D:3      | 2569 ||| DRINKING 2 yellow potions.
  2570 | D:3      | 2570 ||| DROPPING potion of magic.
  2571 | D:3      | 2571 ||| DROPPING potion of lignification.
  2573 | D:3      | 2573 ||| Stepping ~*~*~tactically~*~*~ (cloud).
  2582 | D:3      | HP: 5/23 [poisoned by you (poison gas)]
  2669 | D:4      | Reached XP level 5. HP: 26/26 MP: 6/6
  2750 | D:4      | Noticed Sigmund
  2763 | D:4      | Killed Sigmund
  2764 | D:4      | Reached skill level 6 in Ranged Weapons
  2764 | D:4      | Reached XP level 6. HP: 23/30 MP: 7/7
  2917 | D:4      | 2917 ||| RETREEEEATING.
  2919 | D:4      | 2919 ||| RETREEEEATING.
  2927 | D:4      | HP: 2/30 [gnoll/+0 whip[a gnoll bouda] (6)]
  2927 | D:4      | Slain by a gnoll

Levels and vault maps discovered:
D:1:      dpeg_arrival_leaves_temple_mockup, layout_loops_corners,
          kennysheep_pointless_box
D:2:      layout_basic, basic_altar, serial_bayou_pond_b,
          uniq_crazy_yiuf_cottage
D:3:      layout_loops_ring, grunt_gozag_breadcrumbs, hex_tiny,
          kennysheep_another_room
D:4:      layout_basic, serial_bayou_pond_c, uniq_sigmund

Skill      XL: |  1  2  3  4  5 |
---------------+----------------+-----
Dodging        | 3 4 5 |  5.3
Ranged Weapons | 5 6 |  6.5
Fighting       | 2 |  2.0
Stealth        | |  1.5

Action                     |  1- 3 |  4- 6 || total
---------------------------+-------+-------++-------
   Fire: Shortbow          |    91 |   113 ||   204
    Use: Scroll            |     2 |     6 ||     8
         Potion            |       |     2 ||     2
 Armour: Robe              |     7 |    12 ||    19
  Dodge: Dodged            |    21 |    28 ||    49

Table legend:
 A = Non-vault XP
 B = Vault XP
 C = Vault XP percentage of total XP
 D = Non-vault monster count
 E = Vault monster count
 F = Vault count percentage of total count
                 A         B        C        D         E       F
            +---------+---------+-------+---------+---------+-------
      Total |     234 |     243 |  50.9 |      69 |       3 |   4.2
            +---------+---------+-------+---------+---------+-------
        D:1 |      45 |       0 |   0.0 |      25 |       0 |   0.0
        D:2 |      99 |       4 |   3.9 |      16 |       2 |  11.1
        D:3 |      46 |       0 |   0.0 |      19 |       0 |   0.0
        D:4 |      44 |     239 |  84.5 |       9 |       1 |  10.0
            +---------+---------+-------+---------+---------+-------
